 Dungeon Crawl Stone Soup version 0.22.1-1-ga44c0e5 (webtiles) character file.

3687 marthius the Cleaver (level 9, -1/80 HPs)
             Began as a Minotaur Berserker on Oct 18, 2018.
             Was a High Priest of Trog.
             Slain by yogakurto's ghost (7 damage)
             ... on level 10 of the Dungeon on Oct 19, 2018.
             The game lasted 00:36:44 (7778 turns).

marthius the Cleaver (Minotaur Berserker)           Turns: 7778, Time: 00:36:46

Health: -1/80      AC: 17    Str: 22    XL:     9   Next: 90%
Magic:  0/8        EV: 11    Int:  4    God:    Trog [*****.]
Gold:   431        SH:  0    Dex: 17    Spells: 8/8 levels left

rFire    . . .     SeeInvis .   w - +0 war axe
rCold    . . .     Gourm    +   (no shield)
rNeg     . . .     Faith    .   p - +0 chain mail
rPois    .         Spirit   .   (helmet restricted)
rElec    .         Reflect  .   (no cloak)
rCorr    .         Harm     .   (no gloves)
MR       .....                  (no boots)
Stlth    ..........             i - amulet of the gourmand
HPRegen  0.23/turn              N - +4 ring of dexterity
MPRegen  0.11/turn              B - +6 ring of protection

@: no status effects
A: retaliatory headbutt, horns 2
a: Berserk, Trog's Hand, Brothers in Arms, Renounce Religion


You were on level 10 of the Dungeon.
You worshipped Trog.
Trog was extremely pleased with you.
You were not hungry.

You visited 1 branch of the dungeon, and saw 8 of its levels.

You collected 431 gold pieces.

Inventory:

Hand Weapons
 a - a +0 falchion
 k - a +0 club
 l - a -1 short sword
 n - a +1 dagger of draining
 v - a +0 trident
 w - a +0 war axe (weapon)
 G - a +0 club
 H - a +1 hand axe of freezing
 I - a +0 longbow
 K - a cursed -2 hand axe
 O - a +0 club
 P - a +0 whip
Missiles
 M - 4 tomahawks (quivered)
Armour
 b - a +0 animal skin
 e - a +0 ring mail
 g - a +0 plate armour
 j - a +0 ring mail
 o - a +0 helmet
 p - a +0 chain mail (worn)
 A - a cursed +0 leather armour
Jewellery
 d - an uncursed ring of stealth
 i - an amulet of the gourmand (around neck)
 r - an uncursed ring of see invisible
 t - a cursed -4 ring of dexterity
 B - a +6 ring of protection (right hand)
 N - a +4 ring of dexterity (left hand)
 S - an uncursed amulet of harm
Wands
 z - a wand of paralysis (13)
 F - a wand of iceblast (5)
 J - a wand of random effects (50)
 L - a wand of flame (25)
Scrolls
 h - 4 scrolls of teleportation
 m - 3 scrolls of remove curse
 s - 2 scrolls of magic mapping {unknown}
 u - 2 scrolls of enchant armour {unknown}
 x - a scroll of immolation {unknown}
 y - a scroll of noise {unknown}
 Q - a scroll of enchant weapon {unknown}
Potions
 f - 3 potions of curing
 C - a potion of heal wounds
 D - 2 potions of resistance {unknown}
 E - a potion of lignification
 R - a potion of might
Comestibles
 c - 14 rations


   Skills:
 + Level 7.6 Fighting
 + Level 6.9 Long Blades
 + Level 10.5 Axes
 + Level 8.2 Armour
 * Level 5.4 Dodging
 + Level 1.0 Stealth


You had 8 spell levels left.
You didn't know any spells.
Your spell library was empty.

Dungeon Overview and Level Annotations

Branches:
Dungeon (7/15)             Temple (0/1) D:5

Altars:
Ashenzari
Gozag
Hepliaklqana
Kikubaaqudgha
Okawaru
Ru
Yredelemnul

Annotations:
D:10 yogakurto's ghost, journeyman MiAr


Innate Abilities, Weirdness & Mutations

You reflexively headbutt those who attack you in melee.
You have a pair of horns on your head.


Message History

You furiously retaliate!
You headbutt the orc!
You kill the orc!
Trog accepts your kill. The eye of draining gazes at you.
You feel your power leaking away.
You slash the eye of draining!
The eye of draining is almost dead.
You closely miss yogakurto's ghost. Yogakurto's ghost hits you!
You slash the eye of draining!
You kill the eye of draining!
Trog accepts your kill.
Trog will gift you weapons as you gain piety.
You hit yogakurto's ghost. Yogakurto's ghost hits you!!
* * * LOW HITPOINT WARNING * * *
Press: ? - help, v - describe, . - travel The floor.
You hit yogakurto's ghost.
Yogakurto's ghost is lightly damaged.
Yogakurto's ghost hits you!
You die...

#####.#$$$.∩#
##...#.'$.$$8#
##......)$_8$∩#
#.......'.$.$8#
#.......#$$$$$#
#.......##.8.##
#.......?# ###
#.W...##...#
##########.@####
####
#............#
#..........#.#
#..........#.#
#..........#..
#..........####
#..........#
#..........#
#..........#


You could see yogakurto's ghost.

Vanquished Creatures
  Prince Ribbit (D:5)
  A vampire (D:10)
  A black bear (D:7)
  An orc warrior (D:6)
  A sky beast (D:5)
  An eye of draining (D:10)
  3 ogres
  2 centaurs
  4 big kobolds
  3 bullfrogs
  2 scorpions
  An electric eel (D:6)
  2 howler monkeys
  3 crimson imps
  2 hounds
  An orc priest (D:6)
  A centaur skeleton (D:10)
  3 iguanas
  Terence (D:2)
  5 worker ants
  A hound skeleton (D:5)
  Robin (D:2)
  8 gnolls
  8 adders
  4 oozes
  An adder zombie (D:5)
  4 worms
  3 dart slugs
  6 leopard geckos
  16 orcs
  8 bats
  2 giant cockroaches
  60 goblins
  16 hobgoblins
  20 jackals
  4 quokkas
  A ball python (D:3)
  3 frilled lizards
  17 kobolds
  A leopard gecko skeleton (D:5)
  A quokka skeleton (D:5)
  8 rats
232 creatures vanquished.

Vanquished Creatures (collateral kills)
  A two-headed ogre (D:10)
  4 hogs (D:7)
  A human (D:7)
  A black bear (D:10)
  An ogre (D:10)
  2 howler monkeys (D:10)
  A hound (D:10)
  An orc wizard (D:10)
  An iguana (D:10)
  A worker ant (D:10)
  A leopard gecko (D:10)
  An orc (D:10)
16 creatures vanquished.

Grand Total: 248 creatures vanquished

Notes
Turn   | Place    | Note
-------+----------+-------------------------------------------
     0 | D:1      | marthius the Minotaur Berserker began the quest for the
                  | Orb.
     0 | D:1      | Reached XP level 1. HP: 19/19 MP: 0/0
   202 | D:1      | Reached XP level 2. HP: 27/27 MP: 1/1
   783 | D:2      | Reached XP level 3. HP: 32/33 MP: 2/2
   946 | D:2      | Noticed Robin
   959 | D:2      | Killed Robin
   963 | D:2      | Reached ** piety under Trog
   967 | D:2      | Reached XP level 4. HP: 19/41 MP: 3/3
  1007 | D:2      | Reached skill level 5 in Long Blades
  1051 | D:2      | HP: 3/61 [gnoll/halberd (7)]
  1477 | D:2      | Noticed Terence
  1485 | D:2      | Killed Terence
  1485 | D:2      | Reached XP level 5. HP: 40/47 MP: 4/4
  2214 | D:3      | Reached *** piety under Trog
  2214 | D:3      | Reached XP level 6. HP: 26/55 MP: 5/5
  3174 | D:4      | Reached skill level 5 in Fighting
  3292 | D:4      | Found a shattered altar of Ashenzari.
  3305 | D:4      | Found a sacrificial altar of Ru.
  3310 | D:4      | Found an iron altar of Okawaru.
  3316 | D:4      | Found a basalt altar of Yredelemnul.
  3712 | D:5      | Entered Level 5 of the Dungeon
  3747 | D:5      | Noticed Prince Ribbit
  3759 | D:5      | HP: 3/84 [Prince Ribbit (10)]
  3760 | D:5      | Killed Prince Ribbit
  3760 | D:5      | Reached skill level 2 in Axes
  3760 | D:5      | Reached XP level 7. HP: 3/61 MP: 6/6
  3762 | D:5      | Reached skill level 5 in Armour
  4230 | D:5      | Reached skill level 3 in Axes
  4354 | D:5      | Reached skill level 4 in Axes
  4460 | D:5      | Found a hazy altar of Hepliaklqana.
  4512 | D:5      | Found a staircase to the Ecumenical Temple.
  4791 | D:5      | Reached skill level 5 in Axes
  4791 | D:5      | Reached XP level 8. HP: 69/69 MP: 7/7
  5348 | D:6      | Found an ancient bone altar of Kikubaaqudgha.
  5477 | D:6      | Found a sand-covered staircase.
  5756 | D:6      | Reached **** piety under Trog
  5756 | D:6      | Reached skill level 6 in Axes
  5901 | D:6      | Reached skill level 7 in Axes
  5901 | D:6      | Reached ***** piety under Trog
  6218 | D:6      | Received a gift from Trog
  6959 | D:7      | Reached skill level 8 in Axes
  6961 | D:7      | Reached XP level 9. HP: 46/78 MP: 8/8
  7182 | D:7      | Reached skill level 9 in Axes
  7383 | D:7      | You fall through a shaft for 3 floors!
  7383 | D:10     | Entered Level 10 of the Dungeon
  7385 | D:10     | Noticed a two-headed ogre
  7388 | D:10     | Killed a two-headed ogre
  7388 | D:10     | Reached skill level 1 in Stealth
  7397 | D:10     | Reached skill level 10 in Axes
  7401 | D:10     | Reached skill level 5 in Dodging
  7720 | D:10     | Found a runed gate.
  7720 | D:10     | Found a runed gate.
  7721 | D:10     | Found a runed gate.
  7757 | D:10     | Found an opulent altar of Gozag.
  7757 | D:10     | Noticed yogakurto's ghost (journeyman MiAr)
  7772 | D:10     | HP: 4/80 [yogakurto's ghost (23)]
  7778 | D:10     | Slain by yogakurto's ghost

Skill      XL: |  1  2  3  4  5  6  7  8  9 |
---------------+----------------------------+-----
Long Blades    | 4 5 6 |  6.9
Fighting       | 4 5 6 7 |  7.6
Armour         | 3 4 6 8 |  8.2
Dodging        | 3 5 |  5.4
Axes           | 2 5 8 10 | 10.5
Stealth        | 1 |  1.0

Action                   |  1- 3 |  4- 6 |  7- 9 || total
-------------------------+-------+-------+-------++-------
Melee: Falchion          |    51 |   155 |       ||   206
       Headbutt          |     9 |    28 |    52 ||    89
       War axe           |       |    27 |   227 ||   254
Throw: Tomahawk          |       |       |     1 ||     1
Invok: Berserk           |       |     2 |     6 ||     8
       Trog's Hand       |       |     1 |     1 ||     2
       Brothers in Arms  |       |       |     2 ||     2
  Use: Scroll            |     4 |     3 |     5 ||    12
       Potion            |       |       |     8 ||     8
  Eat: Chunk             |       |     9 |    15 ||    24
       Ration            |       |     1 |     1 ||     2
Armor: Ring mail         |    18 |    15 |       ||    33
       Chain mail        |       |   113 |   150 ||   263
Dodge: Dodged            |    41 |   102 |   131 ||   274
       Rpst.: Falchion   |    14 |    17 |       ||    31
